 Dungeon Crawl Stone Soup version 0.19.0-11-g3fc08b3 (webtiles) character file.

28 sighowe the Firebug (level 3, 0/19 HPs)
             Began as a Gargoyle Fire Elementalist on Nov 10, 2016.
             Was an Initiate of Elyvilon.
             Slain by a worm (3 damage)
             ... on level 2 of the Dungeon.
             The game lasted 00:04:33 (671 turns).

sighowe the Firebug (Gargoyle Fire Elementalist)     Turns: 671, Time: 00:04:34

Health: 0/19       AC:  9    Str: 12    XL:     3   Next: 14%
Magic:  6/6        EV: 10    Int: 15    God:    Elyvilon [......]
Gold:   11         SH:  0    Dex: 10    Spells: 1 memorised, 5 levels left

rFire  . . .     SeeInvis .       - Unarmed
rCold  . . .     Gourm    .     j - +1 ring mail {rPois}
rNeg   + . .     Faith    .     (no shield)
rPois  ∞         Spirit   .     (no helmet)
rElec  +         Reflect  .     (no cloak)
rCorr  .         Harm     .     (no gloves)
MR     .....                    (no boots)
Stlth  +.........               (no amulet)
                                (no ring)
                                (no ring)

@: no status effects
A: negative energy resistance 1, electricity resistance, unbreathing,
petrification resistance, rot immunity, AC +3
a: Renounce Religion


You were on level 2 of the Dungeon.
You worshipped Elyvilon.
Elyvilon was noncommittal.
You were not hungry.

You visited 1 branch of the dungeon, and saw 2 of its levels.

You collected 11 gold pieces.

Inventory:

Armour
 a - a +0 robe
 j - a +1 ring mail of poison resistance (worn)
Scrolls
 e - a scroll of fog {unknown}
 f - a scroll of identify {unknown}
 i - a scroll of enchant armour {unknown}
Potions
 g - 2 potions of resistance {unknown}
 h - a potion of invisibility {unknown}
 l - a potion of might {unknown}
Books
 b - a book of Flames

   Spells                             Type                      Level
   a - Flame Tongue                   Conjuration/Fire             1
   b - Throw Flame                    Conjuration/Fire             2
   c - Conjure Flame                  Conjuration/Fire             3
   d - Inner Flame                    Hexes/Fire                   3
   e - Sticky Flame                   Conjuration/Fire             4
   f - Fireball                       Conjuration/Fire             5
Comestibles
 c - 2 bread rations
 d - a meat ration


   Skills:
 + Level 0.2 Fighting
 + Level 1.9 Dodging
 + Level 2.6 Stealth
 + Level 1.0 Unarmed Combat
 + Level 2.2 Spellcasting
 + Level 1.1 Conjurations
 + Level 3.1 Fire Magic


You had 5 spell levels left.
You knew the following spells:

 Your Spells              Type           Power        Failure   Level  Hunger
a - Flame Tongue          Conj/Fire      #....        21%         1    #......


Dungeon Overview and Level Annotations

Branches:
Dungeon (2/15)

Altars:
Elyvilon
Fedhas


Innate Abilities, Weirdness & Mutations

You are resistant to torment.
Your stone body is resilient. (AC +3)
You are immune to poison.
You resist negative energy. (rN+)
You are resistant to electric shocks. (rElec)
You can survive without breathing.
You are immune to petrification.
You are immune to rotting.


Message History

The worm is heavily wounded.
You hit the worm but do no damage.
The worm is heavily wounded.
The worm closely misses you.
You barely miss the worm.
The worm is heavily wounded.
The worm bites you but does no damage.
You hit the worm.
The worm is heavily wounded.
You completely miss the worm.
The worm is heavily wounded.
The worm bites you.
* * * LOW HITPOINT WARNING * * *
All of the chunks of flesh in your inventory have rotted away.
You hit the worm.
The worm is heavily wounded.
You barely miss the worm.
The worm is heavily wounded.
The worm bites you.
You die...

# #.#......)#.##........# #
#.#.÷..##.#......#.#.## #
#............#######.##
########...##.##.....##...##
.......#...##.##.)...#8...8#
...........##........##...##
.......#.#...........###_##
########.#.####......# ### #
#.#....>.@##### #
#.....##w## # ###.#.##.# #
###.#.##)###.#
#.....†......#
#.###..††..#.... ###.##.# .#
... ... #.####.#.#


You could see a worm.

Vanquished Creatures
  2 dart slugs (D:2)
  A leopard gecko (D:2)
  A giant cockroach (D:2)
  6 goblins
  3 hobgoblins (D:2)
  4 bats (D:2)
  A frilled lizard (D:2)
  A kobold (D:2)
  3 rats
22 creatures vanquished.

Notes
Turn   | Place    | Note
-------+----------+-------------------------------------------
     0 | D:1      | sighowe the Gargoyle Fire Elementalist began the quest for the Orb.
     0 | D:1      | Reached XP level 1. HP: 10/10 MP: 3/3
   177 | D:1      | You fall through a shaft!
   222 | D:2      | Reached XP level 2. HP: 12/15 MP: 5/5
   468 | D:2      | Found a blossoming altar of Fedhas.
   468 | D:2      | Found a white marble altar of Elyvilon.
   514 | D:2      | Became a worshipper of Elyvilon the Healer
   635 | D:2      | Reached XP level 3. HP: 8/19 MP: 6/6
   653 | D:2      | Reached skill level 1 in Unarmed Combat
   671 | D:2      | Slain by a worm

Skill      XL: |  1  2  3 |
---------------+----------+-----
Unarmed Combat | 1 |  1.0
Fighting       | |  0.2
Dodging        | |  1.9
Stealth        | |  2.6
Spellcasting   | |  2.2
Conjurations   | |  1.1
Fire Magic     | |  3.1

Action                   || total
-------------------------++-------
Melee: Unarmed           ||   163
 Cast: Flame Tongue      ||     1
 Stab: Sleeping          ||     1
Armor: Robe              ||    14
       Ring mail         ||    61
Dodge: Dodged            ||    87
